[Event "*** Titled Tuesday Blitz"]
[Site "Chess.com"]
[Date "2021.04.20"]
[Round "8"]
[White "moro182"]
[Black "Fh2411"]
[Result "1-0"]
[WhiteElo "2707"]
[BlackElo "2560"]
[TimeControl "180+1"]
[EndTime "11:26:44 PDT"]
[Termination "moro182 won by resignation"]

1. d4 d5 2. c4 c6 3. Nc3 Nf6 4. Nf3 a6 5. cxd5 cxd5 6. Bf4 Nc6 7. e3 Bf5 8. Rc1 e6 9. a3 Be7 10. Be2 O-O 11. O-O Rc8 12. Na4 Ne4 13. Nd2 Na5 14.
Nxe4 Bxe4 15. Nc5 Bxc5 16. dxc5 Qf6 17. b4 Nc6 18. Bd6 Rfe8 19. Qd2 Ne5 20. Qd4 Qg6 21. f3 Nc6 22. Qd2 Bf5 23. a4 Qh6 24. b5 axb5 25. axb5 Ne7 26. Bf4 Qf6 27. Qd4 Qxd4 28. exd4 Ra8 29. Ra1 f6 30. Bd6 Kf7 31. c6 bxc6 32.
b6 Rab8 33. Bxb8 Rxb8 34. Ra6 Nc8 35. Rc1 Nxb6 36. Rxc6 Nc4 37. Bxc4 dxc4 38. Rxc4 Bd3 39. Rc7+ Kg6 40. Raa7 Rb1+ 41. Kf2 Kf5 42. Rxg7 Bc4 43. Ra5+ Bd5 44. Rxh7 Rb2+ 45. Kg3 Rd2 46. Rh5+ Kg6 47.
Rhxd5 exd5 48. Rxd5 1-0

[Event "*** Titled Tuesday Blitz"]
[Site "Chess.com"]
[Date "2021.04.20"]
[Round "8"]
[White "KubaGepard"]
[Black "GelmanAlexander"]
[Result "0-1"]
[WhiteElo "2419"]
[BlackElo "2590"]
[TimeControl "180+1"]
[EndTime "11:26:44 PDT"]
[Termination "GelmanAlexander won on time"]

1. d4 Nf6 2. Nf3 c5 3. d5 b5 4. Bg5 g6 5. Bxf6 exf6 6. e4 Bg7 7. Bxb5 f5 8. e5 Qb6 9. Na3 O-O 10. Rb1 Na6 11.
c3 Nc7 12. Be2 Bb7 13. Nc4 Qa6 14. Nd6 Qb6 15. Nc4 Qa6 16. Na3 Qb6 17. c4 Rfe8 18. O-O Bxe5 19. Nxe5 Rxe5 20. Bf3 Rae8 21. Nc2 Qa6 22. b3 d6 23. a4 Bc8 24. Qd2 f4 25. Qxf4 Bf5 26. Rb2 Qa5 27. Ne3 Qc3 28. Re2 Bd3 29. Ng4 Bxe2 30. Bxe2 Rxe2 31. Qxd6 R8e7 32. Nf6+ Kg7 33. Qxc5 Qxf6 34. d6 R7e5 35. Qc6 Rxf2 0-1

[Event "*** Titled Tuesday Blitz"]
[Site "Chess.com"]
[Date "2021.04.20"]
[Round "8"]
[White "GMSrinath"]
[Black "biostatistician"]
[Result "1-0"]
[WhiteElo "2843"]
[BlackElo "2608"]
[TimeControl "180+1"]
[EndTime "11:26:46 PDT"]
[Termination "GMSrinath won by resignation"]

1. Nf3 Nf6 2. b3 g6 3. Bb2 Bg7 4. g3 O-O 5. Bg2 b6 6. O-O Bb7 7. c4 c5 8. d4 Ne4 9. Ng5 d5 10. Nxe4 dxe4 11. e3 f5 12. Na3 Nc6 13. Nc2 Qd7 14. Rb1 Rad8 15. d5 Ne5 16. Bxe5 Bxe5 17. f3 exf3 18. Qxf3 e6 19. Rbd1 exd5 20. cxd5 b5 21.
Qe2 Rfe8 22. Kh1 Qd6 23. Na3 a6 24. Nc2 Re7 25. a4 Qb6 26. e4 fxe4 27. Qxe4 Rde8 28. Qf3 c4 29. bxc4 bxc4 30. Ne3 Qb3 31. Rb1 Qa3 32.
Nxc4 Qxf3 33. Bxf3 Ba8 34. d6 Bxf3+ 35. Rxf3 Rd7 36.
Re1 1-0

[Event "*** Titled Tuesday Blitz"]
[Site "Chess.com"]
[Date "2021.04.20"]
[Round "8"]
[White "bazar-wokzal"]
[Black "elisak43"]
[Result "1-0"]
[WhiteElo "2698"]
[BlackElo "2509"]
[TimeControl "180+1"]
[EndTime "11:26:46 PDT"]
[Termination "bazar-wokzal won by resignation"]

1. e4 Nf6 2. Nc3 d5 3. e5 Ne4 4. Nce2 d4 5. c3 Nc6 6. Nxd4 Nxd4 7. Qa4+ c6 8. Qxd4 Qxd4 9. cxd4 Ng5 10. Bc4 Bf5 11.
Ne2 Ne6 12. d3 O-O-O 13. Be3 b5 14. Bxe6+ Bxe6 15. a4 b4 16. a5 Bd5 17. Nf4 e6 18.
Ke2 Kb7 19. Rhc1 Be7 20. Rc2 g5 21. Nxd5 Rxd5 22. Rc4 Rc8 23. Bd2 Rb5 24. b3 Ka6 25.
Kf3 Rxa5 26. Rxa5+ Kxa5 27. Kg4 Kb5 28. Kh5 a5 29.
Bxg5 Bxg5 30. Kxg5 Rg8+ 31. Kf6 Rxg2 32. Kxf7 Rxh2 33.
f4 Rf2 34. Kxe6 Rxf4 35. d5 Rxc4 36. dxc4+ Kb6 37. d6 a4 38. d7 1-0

[Event "*** Titled Tuesday Blitz"]
[Site "Chess.com"]
[Date "2021.04.20"]
[Round "8"]
[White "Kobalia"]
[Black "Cptn2"]
[Result "1-0"]
[WhiteElo "2775"]
[BlackElo "2597"]
[TimeControl "180+1"]
[EndTime "11:26:48 PDT"]
[Termination "Kobalia won by resignation"]

1. e4 c5 2. Nf3 Nf6 3. d3 Nc6 4. g3 g6 5. Bg2 Bg7 6. O-O O-O 7.
Re1 d5 8. Nbd2 b6 9. c3 Bb7 10. e5 Ne8 11. d4 cxd4 12. cxd4 Nc7 13. Nb3 Ba6 14. Bd2 Qd7 15. Rc1 Rac8 16. h4 Bd3 17.
Nh2 h5 18. Nf3 Be4 19. Ng5 Bxg2 20. Kxg2 Ne6 21. Nxe6 Qxe6 22. Qf3 a5 23. Bc3 Na7 24. Nd2 Nb5 25. Nf1 Bh6 26. Ne3 Nxc3 27. bxc3 Bxe3 28. Rxe3 Rc4 29. Rb1 Qc6 30. g4 hxg4 31. Qxg4 Kg7 32. h5 Rh8 33. e6 Rxh5 34. exf7 Kxf7 35. Rbe1 Qd6 36. Rxe7+ Qxe7 37. Rxe7+ Kxe7 38. Qxg6 Rh8 39. Qg7+ Kd6 40. Qxh8 Rxc3 41. Qd8+ Ke6 42. Qxb6+ Kf5 43. Qxa5 1-0

[Event "*** Titled Tuesday Blitz"]
[Site "Chess.com"]
[Date "2021.04.20"]
[Round "8"]
[White "Jungle_Jaguar"]
[Black "shnitez"]
[Result "1-0"]
[WhiteElo "2706"]
[BlackElo "2512"]
[TimeControl "180+1"]
[EndTime "11:26:48 PDT"]
[Termination "Jungle_Jaguar won on time"]

1. e4 c5 2. Nf3 e6 3. d4 cxd4 4. Nxd4 a6 5. c4 Nf6 6. Nc3 Qc7 7. Be2 b6 8. O-O Bb7 9. Qd3 d6 10. f4 Nbd7 11. b4 d5 12. e5 dxc4 13. Qxc4 Qxc4 14. Bxc4 Rc8 15. Bb3 Bxb4 16. Nce2 Nd5 17. Bb2 O-O 18. Kf2 Nc5 19. Rfd1 Ne4+ 20. Kg1 Nec3 21. Nxc3 Bxc3 22. Bxd5 Bxb2 23. Bxb7 Bxa1 24. Rxa1 Rc4 25. Ne2 a5 26. a4 Rd8 27. Kf2 Rd2 28. Ba6 Rb4 29. Rc1 g6 30. Bb5 Rd8 31. g3 Kg7 32. Rc6 h5 33. Rxb6 Ra8 34.
Rb7 Kg8 35. Rd7 Kg7 36. Nd4 Kf8 37. h3 Kg8 38. g4 hxg4 39. hxg4 Kf8 40. Kg3 Kg8 41.
Kh4 Rc8 42. Nc6 1-0

[Event "*** Titled Tuesday Blitz"]
[Site "Chess.com"]
[Date "2021.04.20"]
[Round "8"]
[White "kuba2006"]
[Black "Zq1"]
[Result "0-1"]
[WhiteElo "2332"]
[BlackElo "2530"]
[TimeControl "180+1"]
[EndTime "11:26:48 PDT"]
[Termination "Zq1 won on time"]

1. b3 d5 2. Bb2 c5 3. e3 a6 4. Nf3 Nc6 5. Be2 f6 6. d4 Nh6 7. O-O e6 8. c4 cxd4 9. Nxd4 Nxd4 10. Qxd4 Nf5 11. Bh5+ Ke7 12. Ba3+ Kd7 13. Qf4 Bxa3 14. Nxa3 Ke7 15. cxd5 exd5 16. e4 Qd6 17. Qxd6+ Nxd6 18. exd5 b5 19. Rfe1+ Kd7 20. Rad1 Bb7 21. Nc2 Rac8 22.
Nd4 g6 23. Bf3 Rc3 24. Nc6 Re8 25. Rxe8 Nxe8 26. Re1 Nc7 27. Ne7 Kd6 28. h3 b4 29.
Re2 Nxd5 30. Nxd5 Bxd5 31. Rd2 Rc5 32. Rd4 a5 33. Bxd5 Rxd5 34. Rh4 h5 35. Rf4 Ke5 0-1

[Event "*** Titled Tuesday Blitz"]
[Site "Chess.com"]
[Date "2021.04.20"]
[Round "8"]
[White "canary2016"]
[Black "FMOlexandrProhorov"]
[Result "0-1"]
[WhiteElo "2015"]
[BlackElo "2241"]
[TimeControl "180+1"]
[EndTime "11:26:48 PDT"]
[Termination "FMOlexandrProhorov won by checkmate"]

1. d4 g6 2. c4 Bg7 3. Nf3 c5 4. d5 d6 5. g3 b5 6. cxb5 a6 7. e3 Nf6 8. Nc3 O-O 9. Bg2 axb5 10. Nxb5 Ba6 11. Nc3 Nbd7 12. Bf1 Qa5 13. Be2 Ne4 14. O-O Nxc3 15. bxc3 Qxc3 16. Rb1 Qa5 17. a3 Rfb8 18. Rxb8+ Rxb8 19. Bxa6 Qxa6 20. Qc2 Nb6 21. e4 Na4 22. Rd1 Nc3 23. Rd3 Nxe4 24. Re3 f5 25. Nd2 Bd4 26.
Nxe4 Bxe3 27. Bxe3 fxe4 28. Qxe4 Qc8 29. Qxe7 Qf5 30.
Qe6+ Qxe6 31. dxe6 Kf8 32. Bf4 Ke7 33. Kg2 Kxe6 34. a4 Ra8 35. Be3 Rxa4 36. g4 Ra2 37. h3 c4 38. Kg3 c3 39. h4 c2 40.
h5 Ra3 41. Kg2 Rxe3 42. fxe3 c1=Q 43. hxg6 hxg6 44. Kf3 Kd5 45. Kf2 Ke4 46. Ke2 Qc2+ 47. Kf1 Kf3 48. Kg1 Qg2# 0-1

[Event "*** Titled Tuesday Blitz"]
[Site "Chess.com"]
[Date "2021.04.20"]
[Round "8"]
[White "Valeron87"]
[Black "topin8"]
[Result "1-0"]
[WhiteElo "2377"]
[BlackElo "2192"]
[TimeControl "180+1"]
[EndTime "11:26:49 PDT"]
[Termination "Valeron87 won on time"]

1. e4 c5 2. Nf3 Nc6 3. d4 cxd4 4. Nxd4 Nf6 5. Nc3 e5 6. Ndb5 h6 7. Nd6+ Bxd6 8. Qxd6 Qe7 9. Qd1 d6 10. Be2 O-O 11. Be3 Be6 12. Nd5 Bxd5 13. exd5 Nb8 14. O-O Nbd7 15. a4 a5 16. Bb5 Ne4 17. Bxh6 f5 18.
f3 Nec5 19. Be3 f4 20. Bf2 g5 21. c3 b6 22. Qc2 Kg7 23. b4 Nb7 24. Bxd7 Qxd7 25.
Bxb6 axb4 26. cxb4 Rfc8 27. Qd3 Rxa4 28. Rxa4 Qxa4 29.
Qf5 Qxb4 30. Qd7+ Kg6 31. Qxb7 Rc2 32. Qb8 Rb2 33. Qg8+ Kh6 34. Bd8 1-0

[Event "*** Titled Tuesday Blitz"]
[Site "Chess.com"]
[Date "2021.04.20"]
[Round "8"]
[White "gisela_roque"]
[Black "chesslh19"]
[Result "0-1"]
[WhiteElo "1821"]
[BlackElo "2235"]
[TimeControl "180+1"]
[EndTime "11:26:49 PDT"]
[Termination "chesslh19 won by resignation"]

1. c4 e6 2. Nf3 d5 3. b3 Nf6 4. g3 Be7 5. Bg2 O-O 6. O-O b6 7. d3 Bb7 8. e3 c5 9. Nc3 Nbd7 10.
Bb2 Qc7 11. cxd5 Nxd5 12. Nxd5 Bxd5 13. Qc2 Rac8 14. Rac1 Qb7 15. Qe2 Bf6 16. Bxf6 Nxf6 17. Nh4 Bxg2 18. Nxg2 Rfd8 19. Rfd1 Nd5 20. Nh4 h6 21. Nf3 Nb4 22. a3 Nxd3 23. Rxd3 Rxd3 24. Qxd3 Qxf3 25. b4 Qd5 26. Qxd5 exd5 27. bxc5 Rxc5 28.
Rd1 Kf8 29. Kg2 Ke7 30. Kf3 Ke6 31. Rd3 Rc4 32. h4 h5 33. Ke2 g6 34. Kd2 b5 35.
Rb3 a6 36. Kd3 Rc1 37. Rb4 Ra1 38. Rb3 Ke5 39. Ke2 Ra2+ 40. Kf3 Kd6 41. e4 d4 42. Rd3 Kc5 43. e5 Kd5 0-1

[Event "*** Titled Tuesday Blitz"]
[Site "Chess.com"]
[Date "2021.04.20"]
[Round "8"]
[White "JelenaKarleusa-SO-18"]
[Black "not_najdorfs_player"]
[Result "1-0"]
[WhiteElo "2663"]
[BlackElo "2362"]
[TimeControl "180+1"]
[EndTime "11:26:50 PDT"]
[Termination "JelenaKarleusa-SO-18 won on time"]

1. e4 e5 2. Nf3 Nc6 3. Bc4 Bc5 4. c3 Nf6 5. d3 O-O 6. Bb3 d5 7. Qe2 a5 8. h3 a4 9. Bc2 b5 10. Bg5 Be6 11. Nbd2 h6 12. Bh4 b4 13. g4 Be7 14. c4 dxe4 15. dxe4 Nd7 16. Bg3 Nc5 17.
Bxe5 Nxe5 18. Nxe5 Qd4 19. Nc6 Qxb2 20. Nxe7+ Kh8 21.
O-O Qxc2 22. Qe3 Qd3 23. Qxc5 Qxd2 24. Rfd1 Qc3 25. Kg2 Qxc4 26. Qxc4 Bxc4 27. Rd4 Bxa2 28.
Rxa2 b3 29. Ra3 b2 30. Rd1 c5 31. Nd5 Rfe8 32. Rb1 Rxe4 33. Rxb2 Rd4 34. Ne3 Rad8 35. Rba2 Ra8 36. Rc2 Rb4 37. Rxc5 g6 38. Rc4 Rxc4 39.
Nxc4 Kg7 40. Nb2 Rb8 41. Nxa4 Rb4 42. Nc3 Rc4 43. Nd5 Rd4 44. Ne3 Rb4 45. Kg3 h5 46.
Rd3 1-0

[Event "*** Titled Tuesday Blitz"]
[Site "Chess.com"]
[Date "2021.04.20"]
[Round "8"]
[White "HouseOfDurin"]
[Black "MateusViageiro"]
[Result "0-1"]
[WhiteElo "2127"]
[BlackElo "2286"]
[TimeControl "180+1"]
[EndTime "11:26:51 PDT"]
[Termination "MateusViageiro won on time"]

1. d4 Nf6 2. Bg5 Ne4 3. h4 h6 4.
Bf4 d5 5. Nd2 Nf6 6. f3 e6 7. c3 Bd6 8. Nh3 c5 9. dxc5 Bxc5 10.
e4 dxe4 11. Nxe4 Qxd1+ 12. Rxd1 Nxe4 13. fxe4 O-O 14. Bc4 Nc6 15. Ke2 e5 16. Be3 Bg4+ 17.
Kf2 Bxe3+ 18. Kxe3 Bxd1 19. Rxd1 Rad8 20. Bd5 Ne7 21.
c4 b6 22. Nf2 Nxd5+ 23. exd5 f5 24. Nd3 Rfe8 25. b4 Kf7 26. Rf1 g6 27. g4 f4+ 28.
Ke4 Kf6 29. g5+ hxg5 30. hxg5+ Kxg5 31. Nxe5 Rc8 32. Rg1+ Kf6 33. Rxg6+ Ke7 34. Kxf4 Rf8+ 35. Ke4 Rf1 36. Rg7+ Kf8 37. Rxa7 Re8 38. Kd4 Rd1+ 39.
Nd3 Re2 40. c5 bxc5+ 41. bxc5 Red2 42. Ra3 Ke7 43. d6+ Kd7 44. Kc4 Rc2+ 45. Rc3 Rxa2 46. Ne5+ Ke6 47. Nc6 Kd7 48. Nb4 Ra4 49. Kb5 Rda1 50. Rd3 Ra5+ 51. Kc4 Rc1+ 52. Kb3 Raxc5 53. Kb2 R1c4 54. Ka3 Rb5 0-1

[Event "*** Titled Tuesday Blitz"]
[Site "Chess.com"]
[Date "2021.04.20"]
[Round "8"]
[White "lucachess49"]
[Black "Steegersee"]
[Result "1-0"]
[WhiteElo "2442"]
[BlackElo "2234"]
[TimeControl "180+1"]
[EndTime "11:26:52 PDT"]
[Termination "lucachess49 won by checkmate"]

1. d4 Nf6 2. c4 e6 3. Nc3 Bb4 4. e3 O-O 5. Ne2 d5 6. a3 Bd6 7. Ng3 b6 8. Be2 Bb7 9. cxd5 exd5 10. O-O g6 11. b4 Nbd7 12. Qb3 Rb8 13. a4 c5 14. dxc5 bxc5 15. bxc5 Nxc5 16. Qc2 Qe7 17. Nb5 Be5 18. Bb2 Bxb2 19. Qxb2 Nce4 20. Rfd1 a6 21.
Nd4 Rfc8 22. Rac1 Nxg3 23. hxg3 Ne4 24. a5 f5 25. g4 f4 26. exf4 Rf8 27. f5 Bc8 28.
Qxb8 gxf5 29. Qb3 fxg4 30. Qxd5+ Kh8 31. Nc6 Qe8 32. Qe5+ Qxe5 33. Nxe5 Nxf2 34. Rxc8 g3 35. Rxf8+ Kg7 36. Rf7+ Kh6 37. Rd6+ Kg5 38. Nf3+ Kg4 39.
Rd4+ Kh5 40. Rh4+ Kg6 41. Ne5+ Kg5 42. Rh5# 1-0

[Event "*** Titled Tuesday Blitz"]
[Site "Chess.com"]
[Date "2021.04.20"]
[Round "8"]
[White "Kretov_Evgenij"]
[Black "hansen"]
[Result "0-1"]
[WhiteElo "2658"]
[BlackElo "2819"]
[TimeControl "180+1"]
[EndTime "11:26:53 PDT"]
[Termination "hansen won by checkmate"]

1. d4 Nf6 2. c4 g6 3. Nc3 d5 4.
cxd5 Nxd5 5. Bd2 Bg7 6. e4 Nb6 7. Be3 O-O 8. h3 e5 9. Nf3 exd4 10. Nxd4 Qe7 11. Qc2 c5 12. Nb3 c4 13. Nd2 Be6 14.
Bxb6 axb6 15. Bxc4 Rc8 16. Bxe6 Qxe6 17. O-O Nc6 18.
a3 Nd4 19. Qd3 Rd8 20. Nd5 Rac8 21. Rac1 Rc6 22. Kh1 f5 23. f3 fxe4 24. fxe4 b5 25. Nf3 Rxc1 26. Rxc1 Nxf3 27. Qxf3 Bxb2 28. Rc7 Re8 29. Qb3 Be5 30. Rxb7 Kh8 31. Qxb5 Rc8 32. Qf1 Qd6 33. a4 Qa3 34. Rf7 Rc1 35. Rf8+ Kg7 36.
Rf7+ Kh6 37. h4 Rxf1+ 38. Rxf1 Qg3 39. Kg1 Bd4+ 40. Kh1 Qxh4# 0-1

[Event "*** Titled Tuesday Blitz"]
[Site "Chess.com"]
[Date "2021.04.20"]
[Round "8"]
[White "Gerodot71"]
[Black "McCarthyStone"]
[Result "1-0"]
[WhiteElo "2588"]
[BlackElo "2386"]
[TimeControl "180+1"]
[EndTime "11:26:54 PDT"]
[Termination "Gerodot71 won by resignation"]

1. d4 d5 2. c4 Nc6 3. Nf3 Bg4 4. cxd5 Bxf3 5. dxc6 Bxc6 6. Nc3 Nf6 7. f3 e6 8. e4 Be7 9. Be2 b6 10. O-O O-O 11.
Be3 Bb7 12. Rc1 Nd7 13. Qd2 c5 14. d5 exd5 15. Nxd5 Ne5 16. Rfd1 Bc6 17. f4 Bxd5 18. Qxd5 Qxd5 19. Rxd5 Nc6 20. Rd7 Rfd8 21. Rc7 Rac8 22. Rxc8 Rxc8 23. Kf2 Rd8 24. g3 Kf8 25. e5 Nd4 26.
Bf1 Nf5 27. Bg2 Rd3 28. Be4 Nxe3 29. Bxd3 Nd5 30. a3 g6 31. Be4 Nc7 32. b4 Nb5 33. bxc5 Bxc5+ 34. Kf3 Nxa3 35. Bd3 Ke7 36. Ke4 a5 37.
Kd5 Kd7 38. g4 h5 39. f5 hxg4 40. e6+ fxe6+ 41. fxe6+ Ke7 42. Rf1 Be3 43. Rf7+ Ke8 44. Bxg6 Kd8 45. e7+ Kd7 46. Rg7 1-0

[Event "*** Titled Tuesday Blitz"]
[Site "Chess.com"]
[Date "2021.04.20"]
[Round "8"]
[White "ShahMatKanal"]
[Black "Sergey85Rodchenkov"]
[Result "0-1"]
[WhiteElo "2402"]
[BlackElo "2510"]
[TimeControl "180+1"]
[EndTime "11:26:55 PDT"]
[Termination "Sergey85Rodchenkov won by resignation"]

1. d4 Nf6 2. c4 e6 3. Nc3 Bb4 4. e3 c5 5. Ne2 Nc6 6. a3 Bxc3+ 7.
Nxc3 cxd4 8. exd4 d5 9. Be3 O-O 10. Be2 dxc4 11. Bxc4 a6 12. O-O b5 13. Ba2 Bb7 14.
Rc1 Rc8 15. d5 exd5 16. Nxd5 Nxd5 17. Qxd5 Qxd5 18. Bxd5 Rfd8 19. Rfd1 Na5 20. Bxb7 Rxc1 21. Rxc1 Nxb7 22. Kf1 f6 23. Ke2 Rd6 24. Rc7 Na5 25.
Bc5 Rc6 26. Rxc6 Nxc6 27. f4 f5 28. b3 Kf7 29. a4 Ke6 30. axb5 axb5 31. Kd3 Kd5 32.
Bf8 g6 33. g3 Nd4 34. b4 Ne6 35. Be7 Nc7 36. Bf6 Ne8 37. Be5 g5 38. h3 h5 39. h4 g4 40. Bc3 Nd6 41. Be1 Ne4 42. Ke3 Kc4 43. Ke2 Nc3+ 44. Ke3 Nd5+ 45. Ke2 Nxb4 46. Ke3 Nd5+ 47. Kd2 b4 48. Kc2 b3+ 49. Kb2 Nb4 50. Ka3 Nd3 51. Bd2 Nc5 52. Kb2 Ne4 53. Be1 Kd3 54. Kxb3 Ke2 55. Bb4 Kf3 56. Kc4 Kxg3 57.
Kd4 Kxf4 0-1

[Event "*** Titled Tuesday Blitz"]
[Site "Chess.com"]
[Date "2021.04.20"]
[Round "8"]
[White "rasmussvane"]
[Black "exoticprincess"]
[Result "1-0"]
[WhiteElo "2889"]
[BlackElo "2922"]
[TimeControl "180+1"]
[EndTime "11:26:56 PDT"]
[Termination "rasmussvane won by resignation"]

1. Nf3 d5 2. g3 c6 3. Bg2 Nf6 4. O-O Bf5 5. c4 e6 6. Qb3 Qc8 7. d3 Be7 8. Nc3 O-O 9. Bf4 Nbd7 10. cxd5 Nc5 11. Qc2 exd5 12. Nd4 Bh3 13. a3 Re8 14.
Rae1 Bxg2 15. Kxg2 h6 16. e4 dxe4 17. dxe4 Ne6 18.
Be3 Ng4 19. Nf5 Nxe3+ 20. Rxe3 Bf8 21. Rd1 Qc7 22. Red3 Rad8 23. Rxd8 Rxd8 24. Rxd8 Qxd8 25. Ne2 a5 26. Ne3 Nc5 27. Nc4 a4 28. Nf4 Qd4 29. f3 Be7 30. Ne2 Qd3 31. Qxd3 Nxd3 32. Nf4 Nxb2 33.
Nxb2 Bxa3 34. Nxa4 b5 35. Nc3 b4 36. Na4 b3 37.
Nd3 c5 38. Ndb2 Bxb2 39. Nxb2 f5 40. exf5 Kf7 41. g4 Kf6 42. f4 1-0

[Event "*** Titled Tuesday Blitz"]
[Site "Chess.com"]
[Date "2021.04.20"]
[Round "8"]
[White "IriBu"]
[Black "queen_iryna"]
[Result "1-0"]
[WhiteElo "2568"]
[BlackElo "2364"]
[TimeControl "180+1"]
[EndTime "11:26:57 PDT"]
[Termination "IriBu won on time"]

1. e4 d6 2. Nf3 Nf6 3. Nc3 e5 4. d4 Nbd7 5. Bc4 Be7 6. O-O O-O 7. a4 c6 8. a5 h6 9. Re1 Re8 10. h3 Bf8 11. b3 exd4 12. Nxd4 Ne5 13. Bf1 Qc7 14.
f4 Ng6 15. g3 Bd7 16. Bb2 b5 17. axb6 axb6 18. Rxa8 Rxa8 19. Bg2 b5 20. b4 c5 21.
bxc5 dxc5 22. Ndxb5 Qb8 23. e5 Bxb5 24. Nxb5 Ra2 25.
Bc3 Qxb5 26. exf6 Qc4 27. Qd2 Ra3 28. Bb2 Rxg3 29. Kh2 Rxg2+ 30. Qxg2 Qxf4+ 31. Kh1 Nh4 32. Qf1 Qg3 33. fxg7 Bxg7 34. Bxg7 Kxg7 35. Qg1 Qxg1+ 36. Rxg1+ Kf6 37. Rg4 Nf5 38. Rc4 Kg5 39. Rxc5 Kf4 40. Kh2 Ne3 41. c3 f5 42. Rc6 h5 43. Rg6 h4 44. Kg1 Ke4 45. Rd6 Kf3 46. Rd3 f4 47. c4 Ke4 48. Rd8 f3 49. c5 Kf4 50. Kf2 1-0

[Event "*** Titled Tuesday Blitz"]
[Site "Chess.com"]
[Date "2021.04.20"]
[Round "8"]
[White "dmitrijiIM"]
[Black "yuki_chess123"]
[Result "1-0"]
[WhiteElo "2550"]
[BlackElo "2266"]
[TimeControl "180+1"]
[EndTime "11:26:58 PDT"]
[Termination "dmitrijiIM won on time"]

1. e4 g6 2. d4 Bg7 3. Nc3 c6 4. Nf3 d5 5. h3 f6 6. Bd3 Nh6 7. Qe2 Nf7 8. O-O O-O 9. Rd1 e6 10.
a4 Nd7 11. a5 f5 12. e5 c5 13. Nxd5 cxd4 14. Nf4 Ndxe5 15. Nxe5 Nxe5 16. b3 Re8 17. Bb2 Nxd3 18. Nxd3 e5 19. Nc5 Qd5 20. b4 Rb8 21. c3 b6 22. axb6 axb6 23. Na6 Bb7 24. f3 Rbc8 25.
b5 e4 26. fxe4 Rxe4 27. Qf3 Qxb5 28. Qf1 Bxa6 29. Rxa6 Qxb2 30. Ra7 Qxc3 31. Qb5 Qc6 32. Qb3+ Qc4 33. Qa3 1-0

[Event "*** Titled Tuesday Blitz"]
[Site "Chess.com"]
[Date "2021.04.20"]
[Round "8"]
[White "elcandado"]
[Black "Das_Virus_2020"]
[Result "1-0"]
[WhiteElo "2642"]
[BlackElo "2478"]
[TimeControl "180+1"]
[EndTime "11:27:00 PDT"]
[Termination "elcandado won on time"]

1. d4 Nf6 2. Bf4 c5 3. c3 Qb6 4.
Nd2 d6 5. Nc4 Qc7 6. a4 g6 7. e3 Bg7 8. h3 O-O 9. Nf3 Re8 10. Be2 cxd4 11. exd4 Nc6 12. O-O e5 13. Bh2 Bf5 14. dxe5 dxe5 15. Qd6 Qxd6 16. Nxd6 Re7 17. Nxf5 gxf5 18. Rfd1 f4 19. Nd2 Rd8 20. Nc4 Red7 21. Rxd7 Rxd7 22. Rd1 Rxd1+ 23. Bxd1 Nd5 24. Bf3 Nde7 25.
Nd6 b6 26. Be4 Bf8 27. Kf1 Na5 28. f3 Ng6 29. Nc8 Nc4 30. b4 Nd2+ 31. Ke2 Nxe4 32. fxe4 a5 33. Bg1 axb4 34. cxb4 Bxb4 35. Bxb6 Nh4 36.
Kf2 f5 37. exf5 e4 38. a5 e3+ 39. Kf1 Nxg2 40. a6 f3 41. Bxe3 Nxe3+ 42. Kf2 Nxf5 43. Kxf3 Bc5 44. Ke4 Nh6 45. Kd5 Bf2 46. Kc6 Nf7 47. Nb6 Ne5+ 48. Kb7 1-0

[Event "*** Titled Tuesday Blitz"]
[Site "Chess.com"]
[Date "2021.04.20"]
[Round "8"]
[White "HrvojeZagreb"]
[Black "4empechement"]
[Result "0-1"]
[WhiteElo "2279"]
[BlackElo "2461"]
[TimeControl "180+1"]
[EndTime "11:27:00 PDT"]
[Termination "4empechement won on time"]

1. d4 Nf6 2. Bf4 d5 3. e3 c5 4. Nc3 cxd4 5. exd4 a6 6. Bd3 Nc6 7. Nce2 g6 8. c3 Bg7 9. h4 Bg4 10. f3 Be6 11. h5 Nxh5 12. Rxh5 gxh5 13. Ng3 h4 14. Nh5 Bf8 15. Qe2 Qd7 16. Nh3 h6 17.
Bh2 O-O-O 18. N3f4 Bf5 19. O-O-O Bxd3 20. Nxd3 f6 21.
Nc5 Qf5 22. g4 hxg3 23. Nxg3 Qh3 24. Nxa6 e5 25. dxe5 fxe5 26. Nf1 h5 27. Nb4 Bxb4 28. cxb4 Rhe8 29. b5 Nd4 30. Rxd4 exd4 31. Qc2+ Kd7 32. Qc7+ Ke6 33. Qe5+ Kf7 34. Qf4+ Kg6 35. b3 Qxf1+ 36. Kb2 Qe2+ 37. Ka3 Qe7+ 38. b4 Qe3+ 0-1

[Event "*** Titled Tuesday Blitz"]
[Site "Chess.com"]
[Date "2021.04.20"]
[Round "8"]
[White "vova-79"]
[Black "stepakyedael"]
[Result "1-0"]
[WhiteElo "2531"]
[BlackElo "2231"]
[TimeControl "180+1"]
[EndTime "11:27:00 PDT"]
[Termination "vova-79 won on time"]

1. d4 Nf6 2. c4 g6 3. Nc3 Bg7 4. Nf3 d6 5. g3 O-O 6. Bg2 Nc6 7. O-O Bf5 8. d5 Na5 9. Nd4 Bd7 10. b3 c5 11.
dxc6 Nxc6 12. Bb2 a6 13. Qd2 Rc8 14. Rfd1 Nxd4 15. Qxd4 Ne8 16. Qd2 Bc6 17. Nd5 Bxd5 18. Bxd5 Qc7 19. Bg2 Nf6 20. Rac1 Rfd8 21. e4 Nd7 22.
Ba3 Nc5 23. Qe1 b6 24. Bh3 Rb8 25. Rc2 a5 26. Re2 Ne6 27. Bxe6 fxe6 28. Qf1 Qc8 29. Bc1 Rf8 30. Bg5 Rf7 31. Qh3 e5 32. Qxc8+ Rxc8 33. Be3 Rb8 34. Rd5 Rff8 35. Rb5 Ra8 36. Rxb6 Rfc8 37.
Rc2 Bf6 38. Kf1 Kf7 39. Ke2 Ke8 40. Kd3 Kd7 41. c5 dxc5 42. Rxc5 Rxc5 43. Bxc5 Rc8 44. Be3 e6 45. Ra6 Bd8 46. Ra7+ Rc7 47. Rxc7+ Bxc7 48. Kc4 Kc6 49. Bd2 Bb6 50. f3 h5 51. g4 hxg4 52.
fxg4 Bd8 53. Bc3 Bc7 54. h4 1-0

[Event "*** Titled Tuesday Blitz"]
[Site "Chess.com"]
[Date "2021.04.20"]
[Round "8"]
[White "I_Enchev"]
[Black "Manukyan_Artak"]
[Result "1/2-1/2"]
[WhiteElo "2618"]
[BlackElo "2431"]
[TimeControl "180+1"]
[EndTime "11:27:01 PDT"]
[Termination "Game drawn by repetition"]

1. d4 Nf6 2. c3 d5 3. Bf4 Bf5 4.
e3 e6 5. Nd2 Nbd7 6. Be2 c5 7. g4 Bg6 8. h4 h5 9. g5 Ng8 10. Ngf3 Ne7 11. Ne5 Nxe5 12. Bxe5 Nc6 13. Bg3 Qb6 14. Qb3 c4 15. Qxb6 axb6 16. a3 b5 17. O-O Bc2 18. Rfc1 Ba4 19. f3 Na5 20. e4 Kd7 21. Rf1 Nb3 22. Nxb3 Bxb3 23. Rae1 Bc2 24. Rc1 Bb3 25. exd5 exd5 26. Be5 Re8 27. Rfe1 Bd6 28. f4 f6 29. Bxd6 Kxd6 30. Bf3 fxg5 31. fxg5 g6 32.
Kf2 Rhf8 33. Rxe8 Rxe8 34. Re1 Rxe1 35. Kxe1 Bc2 36. Kd2 Bf5 37. Ke3 Bc2 38. Be2 Bf5 39.
Bd1 Ke6 40. a4 bxa4 41. Bxa4 Kd6 42. Kf4 Bd3 43. b4 cxb3 44. Bxb3 b6 45. Ba4 Bb1 46. Be8 Be4 47. c4 Bd3 48. c5+ bxc5 49. dxc5+ Kxc5 50.
Ke5 d4 51. Kf6 Bf5 52. Bxg6 Bxg6 53. Kxg6 d3 54. Kh7 d2 55. g6 d1=Q 56. g7 Qd3+ 57.
Kh8 Qd4 58. Kh7 Qe4+ 59. Kh8 Qe5 60. Kh7 Qe7 61. Kh8 Qf6 62. Kh7 Qe7 63. Kh8 Qf6 64. Kh7 Qe7 1/2-1/2

[Event "*** Titled Tuesday Blitz"]
[Site "Chess.com"]
[Date "2021.04.20"]
[Round "8"]
[White "kai_nov"]
[Black "Andrakhanova"]
[Result "1-0"]
[WhiteElo "2321"]
[BlackElo "2300"]
[TimeControl "180+1"]
[EndTime "11:27:01 PDT"]
[Termination "kai_nov won on time"]

1. d4 d5 2. c4 e6 3. Nc3 c6 4.
Bf4 Nf6 5. e3 Nbd7 6. Nf3 Be7 7.
h3 O-O 8. Qc2 h6 9. Rd1 a5 10.
a3 Re8 11. cxd5 exd5 12. Nb5 Nh5 13. Bc7 Bb4+ 14. axb4 Qf6 15. Nd6 Re6 16. Nxc8 Rxc8 17. Bh2 axb4 18. Bd3 c5 19. Bf5 Re7 20. Bxd7 Rxd7 21.
dxc5 b6 22. c6 Rxc6 23. Qd2 b3 24. Nd4 Rc4 25. O-O Qg6 26. Qd3 f5 27. Nxb3 Nf6 28. Nd4 Ne4 29. f3 Ng5 30. Kh1 Rf7 31.
Bf4 Qh5 32. Bxg5 hxg5 33. Nxf5 Rb4 34. Qxd5 Rh4 35. Ne7+ Kh7 36. Qe6 Rf6 37. Qc8 1-0